 Dungeon Crawl Stone Soup version bcrawl-1.19.2-6-g6a88ae04c9 (webtiles) character file.

Game seed: 6769831870970713234

77 Mrkan the Skirmisher (level 4, 0/29 HPs)
             Began as a Gargoyle Fighter on Jan 7, 2020.
             Slain by Natasha (1 damage)
             ... on level 3 of the Dungeon.
             The game lasted 00:02:10 (1970 turns).

Mrkan the Skirmisher (Gargoyle Fighter)             Turns: 1970, Time: 00:02:11

Health: 0/29       AC:  0    Str: 20    XL:     4   Next: 34%
Magic:  4/4        EV: 13    Int:  9    God:
Gold:   179        SH:  0    Dex:  9    Spells: 3/3 levels left

rFire    . . .     SeeInvis .   (weapon currently unavailable)
rCold    . . .     Gourm    .   (shield currently unavailable)
rNeg     + . .     Faith    .   (armour currently unavailable)
rPois    ∞         Spirit   .   (helmet currently unavailable)
rElec    .         Reflect  .   (cloak currently unavailable)
rCorr    .         Harm     .   (gloves currently unavailable)
MR       .....                  (boots currently unavailable)
Stlth    +.........             (no amulet)
HPRegen  0.09/turn              (ring currently unavailable)
MPRegen  0.09/turn              (ring currently unavailable)

@: pig-form (expiring), very quick
A: small, negative energy resistance 1, petrification resistance, rot immunity,
AC +3
a: no special abilities


You were on level 3 of the Dungeon.
You were not hungry.
You were a filthy swine.
You visited 1 branch of the dungeon, and saw 3 of its levels.

You collected 179 gold pieces.

Inventory:

Hand Weapons
 a - a +0 flail (melded)
Missiles
 p - 150 poisoned tomahawks (quivered)
Armour
 b - a +0 scale mail (melded)
 c - a +0 shield (melded)
 g - a +0 pair of boots (melded)
Jewellery
 e - an uncursed ring of protection from cold {unknown}
 q - a cursed ring of teleportation {unknown}
Scrolls
 h - 2 scrolls of magic mapping {unknown}
 j - a scroll of identify {unknown}
 l - a scroll of enchant weapon {unknown}
 m - a scroll of enchant armour {unknown}
 o - a scroll of amnesia {unknown}
 s - a scroll of remove curse {unknown}
Potions
 d - a potion of might
 i - a potion of flight {unknown}
 k - a potion of curing {unknown}
 n - a potion of resistance {unknown}
 r - a potion of cancellation {unknown}
 t - a potion of magic {unknown}
Comestibles
 f - 5 rations {!d}


   Skills:
 + Level 3.8 Fighting
 * Level 3.2 Maces & Flails
 + Level 3.8 Armour
 + Level 3.8 Shields


You had 3 spell levels left.
You didn't know any spells.
Your spell library was empty.

Dungeon Overview and Level Annotations

Branches:
Dungeon (3/12)

Altars:

Annotations:
D:3 Natasha


Innate Abilities, Weirdness & Mutations

You are resistant to torment.
((Your stone body is resilient. (AC +3)))
You are immune to poison.
You resist negative energy. (rN+)
((You are resistant to electric shocks. (rElec)))
((You can survive without breathing.))
You are immune to petrification.
You are immune to rotting.


Message History

Natasha is heavily wounded.
Natasha closely misses you.
You closely miss Natasha.
Natasha is heavily wounded.
Natasha misses you.
You barely miss Natasha.
Natasha is heavily wounded.
Natasha mumbles some strange words.
Natasha glows brightly for a moment.
Natasha stares at you and mumbles some strange words.
You resist with some effort.
You hit Natasha but do no damage.
Natasha is heavily wounded.
Natasha claws you.
* * * LOW HITPOINT WARNING * * *
You hit Natasha.
Natasha is heavily wounded.
Your transformation is almost over.
Natasha claws you.
You die...

#.# ..# . .# ###
.#... ... #.#
#######.## # ####.##
#.h....... ##
##.#...# #h...#####
.####......####.##.#
.'...÷.............#
.####........##.##.#
## ##.......##... #
# ###...####.##..
#...# #.# ## #.###
#..


You could see Natasha.

Vanquished Creatures
  A worker ant (D:3)
  An ooze (D:1)
  A worm (D:2)
  A dart slug (D:2)
  3 bats
  4 giant cockroaches
  2 goblins (D:1)
  7 hobgoblins
  8 jackals
  3 kobolds
  2 quokkas
  A ball python (D:1)
  4 frilled lizards
  2 rats (D:1)
40 creatures vanquished.

Notes
Turn   | Place    | Note
-------+----------+-------------------------------------------
     0 | D:1      | Mrkan the Gargoyle Fighter began the quest for the Orb.
     0 | D:1      | Reached XP level 1. HP: 14/14 MP: 1/1
   137 | D:1      | Reached XP level 2. HP: 18/19 MP: 2/2
   418 | D:1      | Reached XP level 3. HP: 23/23 MP: 3/3
  1120 | D:2      | Found a faded altar of an unknown god.
  1821 | D:3      | Reached XP level 4. HP: 17/29 MP: 4/4
  1955 | D:3      | Noticed Natasha
  1969 | D:3      | HP: 1/29 [Natasha (6)]
  1970 | D:3      | Slain by Natasha

Skill      XL: |  1  2  3 |
---------------+----------+-----
Maces & Flails | 3 |  3.2
Fighting       | |  3.8
Armour         | |  3.8
Shields        | |  3.8

Action                   |  1- 3 |  4- 6 || total
-------------------------+-------+-------++-------
Melee: Flail             |   154 |     2 ||   156
       Unarmed           |       |    10 ||    10
  Eat: Chunk             |     2 |     2 ||     4
Armor: Scale mail        |    78 |     1 ||    79
Dodge: Dodged            |    47 |     4 ||    51
Block: Shield            |    85 |     2 ||    87
